 Dungeon Crawl Stone Soup version 0.16.1-7-g2c6721e (console) character file.

6610 Monkaria the Cleaver (level 10, -5/94 HPs)
             Began as a Deep Dwarf Fighter on Mar 29, 2015.
             Was a Believer of Makhleb.
             Slain by Gastronok (25 damage)
             ... on level 9 of the Dungeon.
             The game lasted 00:15:25 (6478 turns).

Monkaria the Cleaver (Deep Dwarf Fighter)           Turns: 6478, Time: 00:15:26

Health: -5/94      AC: 15    Str: 24    XL:     10   Next: 71%
Magic:  0/0        EV: 10    Int:  6    God:    Makhleb [**....]
Gold:   401        SH:  0    Dex: 15    Spells: 0 memorised, 9 levels left

rFire  + . .     SeeInvis .     N - +0 battleaxe
rCold  . . .     Clarity  .     v - +0 scale mail {MR+}
rNeg   . . .     SustAb   .     (no shield)
rPois  .         Gourm    .     J - +0 helmet
rElec  .         Spirit   .     P - +0 cloak
rCorr  .         Warding  .     b - +2 pair of gloves {Dex+3}
rMut   .         Stasis   .     (no boots)
MR     ++...                    (no amulet)
Stlth  ..........               H - ring of protection from fire
                                L - -2 ring of intelligence (curse)

@: non-regenerating, very resistant to hostile enchantments, extremely
unstealthy
A: damage resistance, recharge devices, sense surroundings 2, slow healing 3,
spit poison 1, evolution 1
a: Device Recharging, Spit Poison, Minor Destruction, Renounce Religion


You were on level 9 of the Dungeon.
You worshipped Makhleb.
Makhleb was pleased with you.
You were not hungry.

You visited 1 branch of the dungeon, and saw 9 of its levels.

You collected 401 gold pieces.

Inventory:

Hand weapons
 N - a +0 battleaxe (weapon)
Missiles
 m - 7 poisoned needles
 C - 5 needles of sleeping
Armour
 a - a +1 cloak
 b - a +2 pair of gloves of dexterity (worn)
 v - a +0 scale mail of magic resistance (worn)
 J - a +0 helmet (worn)
 P - a +0 cloak (worn)
Rods
 D - a +0 rod of shadows (13/13)
   (You found it on level 5 of the Dungeon)
Jewellery
 A - an uncursed ring of protection from magic
 H - a ring of protection from fire (right hand)
 L - a cursed -2 ring of intelligence (left hand)
 R - an uncursed ring of positive energy {unknown}
Magical devices
 d - a wand of heal wounds (4)
 u - a wand of cold (0)
Scrolls
 g - 9 scrolls of identify {unknown}
 o - 3 scrolls of remove curse {unknown}
 r - 2 scrolls of immolation {unknown}
 t - 3 scrolls of enchant armour {unknown}
 w - a scroll of amnesia {unknown}
 y - 2 scrolls of teleportation {unknown}
 B - a scroll of fear {unknown}
 F - a scroll of fog {unknown}
Potions
 c - a potion of flight {unknown}
 e - 5 potions of might
 h - 2 potions of cancellation {unknown}
 i - 3 potions of curing {unknown}
 j - 2 potions of brilliance {unknown}
 k - a potion of degeneration {unknown}
 l - 3 potions of heal wounds {unknown}
 q - a potion of mutation {unknown}
 s - a potion of agility {unknown}
 x - a potion of magic {unknown}
 z - 2 potions of berserk rage {unknown}
 E - a potion of restore abilities {unknown}
 K - 2 potions of invisibility {unknown}
Books
 O - a book of the Earth

   Spells                             Type                      Level
   a - Leda's Liquefaction            Hexes/Earth                  4
   b - Bolt of Magma                  Conjuration/Fire/Earth       5
   c - Statue Form                    Transmutation/Earth          6
   d - Iron Shot                      Conjuration/Earth            6
   e - Shatter                        Earth                        9
Comestibles
 f - 7 bread rations
 n - 4 fruits
 p - a slice of pizza
 G - 5 meat rations
 I - 10 royal jellies
 M - 7 beef jerkies
 Q - 6 chunks of flesh


   Skills:
 - Level 7.1 Fighting
 - Level 12.1 Axes
 + Level 11.0 Armour
   Level 3.2 Shields


You had 9 spell levels left.
You didn't know any spells.

Dungeon Overview and Level Annotations

Branches:
Dungeon (9/15)             Temple (0/1) D:7
   Lair: D:8-11         Orc: D:9-12

Altars:
Ashenzari
Elyvilon
Fedhas
Gozag
Makhleb
Qazlal
Sif Muna
Trog
Yredelemnul
The Shining One

Annotations:
D:9 Gastronok


Innate Abilities, Weirdness & Mutations

You are resistant to damage.
You can recharge devices by infusing magical energy.
You passively map the area around you.
You do not heal naturally.
You can spit poison.
You evolve.


Message History

You hit Gastronok.
Gastronok is moderately wounded.
Gastronok bites you!!
* * * LOW HITPOINT WARNING * * *
You hit Gastronok!
Gastronok is moderately wounded.
Unknown command.
Evoke which item? (* to show all) (? for menu, Esc to quit)
Zapping:
d - a wand of heal wounds (1)
Press: ? - help, Shift-Dir - straight line, f - you You feel much better.
This wand has 0 charges left.
Gastronok bites you!!
* * * LOW HITPOINT WARNING * * *
Unknown command.
You hit Gastronok.
Gastronok is moderately wounded.
Use which ability? (? or * to list) Charge which item? (? for menu, Esc to quit)
Your wand of heal wounds (0) glows for a moment and now has 4 charges.
Gastronok bites you!!
You die...

#..#..(.####....#####......###.##
#..#.....##.......#...#...####...
#....................###..##....#
...............>................#
.....<.......................####
.).###..........#......###..###..
..........#.....###....######....
#...##...##.....###....##.+......
##..# ..###....†@##....##.###.w..
##....## #.####†w........# ###..
#...# , ##...####.## ### #.## *
######...## #.# , , ,≈≈ ≈
≈..........# #.# , ,≈≈
≈....≈.≈).# #.# * , ≈ ≈≈≈..≈≈≈..#
#.# ,, ≈≈ ≈≈≈.≈.≈...# #.# , ≈, ≈
≈≈≈;≈≈...# #.# *


You could see Gastronok.

Vanquished Creatures
  Maurice (D:8)
  A troll (D:9)
  Prince Ribbit (D:6)
  2 hungry ghosts (D:8)
  6 yaks (D:8)
  4 wolves (D:9)
  2 wyverns (D:8)
  A steam dragon (D:8)
  A soldier ant (D:8)
  Edmund (D:7)
  2 water moccasins
  3 ice beasts
  5 orc warriors
  A sky beast (D:6)
  5 ogres
  2 phantoms (D:8)
  A spider (D:8)
  4 centaurs
  A boring beetle (D:8)
  Blork the orc (D:4)
  2 giant frogs
  A scorpion (D:4)
  4 wights (D:8)
  A centaur zombie (D:8)
  A gnoll shaman (D:4)
  3 hounds
  3 goliath beetles
  A jelly (D:6)
  3 orc priests
  2 giant frog skeletons
  An iguana (D:9)
  7 orc wizards
  5 worker ants
  Ijyb (D:2)
  Terence (D:2)
  A hound skeleton (D:4)
  A worker ant zombie (D:5)
  3 river rats (D:9)
  9 adders
  4 gnolls (D:4)
  2 shadow imps (D:5)
  A worm zombie (D:8)
  A giant mite (D:1)
  2 worms (D:2)
  3 giant geckos
  40 orcs
  4 ball pythons
  4 giant cockroaches
  A gnoll zombie (D:8)
  13 hobgoblins
  4 jackals (D:3)
  5 quokkas
  13 bats
  7 giant newts
  15 goblins
  10 kobolds
  A quokka skeleton (D:4)
  A quokka zombie (D:5)
  10 rats
  A fungus (D:8)
237 creatures vanquished.

Vanquished Creatures (others)
  A centaur (D:8)
  A quokka (D:7)
2 creatures vanquished.

Grand Total: 239 creatures vanquished

Notes
Turn   | Place    | Note
--------------------------------------------------------------
     0 | D:1      | Monkaria, the Deep Dwarf Fighter, began the quest for the Orb.
     0 | D:1      | Reached XP level 1. HP: 20/20 MP: 1/1
    96 | D:1      | Reached XP level 2. HP: 27/27 MP: 2/2
   653 | D:2      | Reached XP level 3. HP: 18/34 MP: 3/3
   933 | D:2      | Found a stormy altar of Qazlal.
   933 | D:2      | Found a blossoming altar of Fedhas.
  1172 | D:2      | Noticed Terence
  1183 | D:2      | Reached skill level 4 in Axes
  1201 | D:2      | Killed Terence
  1226 | D:2      | Noticed Ijyb
  1238 | D:2      | Killed Ijyb
  1238 | D:2      | Reached XP level 4. HP: 14/44 MP: 4/4
  1877 | D:4      | Noticed a centaur
  1896 | D:4      | Killed a centaur
  1896 | D:4      | Reached XP level 5. HP: 19/51 MP: 5/5
  1949 | D:4      | Reached skill level 5 in Fighting
  1962 | D:4      | Reached XP level 6. HP: 41/61 MP: 6/6
  2033 | D:4      | Reached skill level 6 in Fighting
  2193 | D:4      | Noticed Blork the orc
  2201 | D:4      | Killed Blork the orc
  2341 | D:4      | Reached XP level 7. HP: 36/70 MP: 7/7
  2558 | D:5      | Entered Level 5 of the Dungeon
  2638 | D:5      | Reached skill level 7 in Fighting
  2846 | D:5      | Found a bloodstained altar of Trog.
  2993 | D:5      | Reached skill level 5 in Axes
  3092 | D:5      | Identified a +0 rod of shadows (13/13) (You found it on level 5 of the Dungeon)
  3431 | D:6      | Found a glowing golden altar of the Shining One.
  3524 | D:6      | Noticed Prince Ribbit
  3593 | D:6      | Reached XP level 8. HP: 24/80 MP: 7/7
  3633 | D:6      | Gained mutation: You evolve. [mutagenic meat]
  3702 | D:6      | Killed Prince Ribbit
  3702 | D:6      | Reached skill level 8 in Axes
  4018 | D:6      | Reached skill level 9 in Axes
  4247 | D:7      | Found a staircase to the Ecumenical Temple.
  4329 | D:7      | Noticed Edmund
  4368 | D:7      | Killed Edmund
  4368 | D:7      | Reached skill level 10 in Axes
  4370 | D:7      | Found a white marble altar of Elyvilon.
  4459 | D:7      | Found a basalt altar of Yredelemnul.
  4476 | D:7      | Gained mutation: You passively map the area around you. [level up]
  4476 | D:7      | Reached XP level 9. HP: 35/86 MP: 5/5
  4700 | D:7      | Found a deep blue altar of Sif Muna.
  4818 | D:7      | Found a shattered altar of Ashenzari.
  4818 | D:7      | Found a burning altar of Makhleb.
  4899 | D:7      | Became a worshipper of Makhleb the Destroyer
  5045 | D:8      | Reached skill level 11 in Axes
  5277 | D:8      | Reached skill level 12 in Axes
  5294 | D:8      | Acquired Makhleb's first power
  5387 | D:8      | Reached skill level 5 in Armour
  5444 | D:8      | Reached XP level 10. HP: 68/94 MP: 4/4
  5480 | D:8      | Noticed Maurice
  5540 | D:8      | Killed Maurice
  5540 | D:8      | Acquired Makhleb's second power
  5943 | D:8      | Reached skill level 10 in Armour
  6321 | D:9      | Gained mutation: You can spit poison. [evolution]
  6410 | D:9      | Noticed Gastronok
  6414 | D:9      | Found an opulent altar of Gozag.
  6478 | D:9      | Slain by Gastronok

Action                   |  1- 3 |  4- 6 |  7- 9 | 10-12 || total
-------------------------+-------+-------+-------+-------++-------
Melee: War axe           |   161 |   157 |   478 |    67 ||   863
       Battleaxe         |       |       |       |   101 ||   101
 Abil: Device Recharging |       |       |     6 |     4 ||    10
       Spit Poison       |       |       |       |     1 ||     1
Evoke: Wand              |     1 |     3 |    28 |    13 ||    45
       Rod               |       |       |     2 |       ||     2
  Eat: Chunk             |       |     5 |    13 |     4 ||    22
